 Dungeon Crawl Stone Soup version 0.30.1-4-g462c640d31 (webtiles) character file.

Game seed: 8224830648689885385

21 flappity the Vexing (level 3, 0/20 HPs)
             Began as a Kobold Hexslinger on Sept 5, 2023.
             Slain by an adder (4 damage)
             ... on level 2 of the Dungeon.
             The game lasted 00:01:05 (688 turns).

flappity the Vexing (Kobold Hexslinger)              Turns: 688, Time: 00:01:05

Health: 0/20       AC:  2    Str:  7    XL:     3   Next: 5%
Magic:  5/5        EV: 15    Int: 14    God:
Gold:   24         SH:  0    Dex: 17    Spells: 4/5 levels left

rFire   . . .        a - +1 sling
rCold   . . .        (no shield)
rNeg    . . .        c - +0 robe
rPois   .            (no helmet)
rElec   .            (no cloak)
rCorr   .            (no gloves)
SInv    .            (no boots)
Will    .....        (no amulet)
Stlth   +++          (no ring)
HPRegen 0.23/turn    (no ring)
MPRegen 0.09/turn

%: no passive effects
@: no status effects
A: small, no large weapons, nightstalker 3
a: no special abilities


You were on level 2 of the Dungeon.
You visited 1 branch of the dungeon, and saw 2 of its levels.

You collected 24 gold pieces.


Innate Abilities, Weirdness & Mutations

You are small and have problems with some larger weapons.
You are completely attuned to the shadows.


   Skills:
 + Level 1.6 Fighting
 + Level 3.1 Ranged Weapons
 + Level 2.8 Dodging
 + Level 1.5 Spellcasting
 + Level 3.2 Hexes


You had 4 spell levels left.
You knew the following spells:

 Your Spells              Type           Power      Damage    Failure   Level
s - Slow                  Hex            40%        N/A       7%          1

Your spell library contained the following spells:

 Spells                   Type           Power      Damage    Failure   Level
 Inner Flame              Hex/Fire       5%         N/A       36%         3
 Portal Projectile        Hex/Tloc       10%        N/A       36%         3
 Cause Fear               Hex            5%         N/A       54%         4

Inventory:

Hand Weapons
 a - a +1 sling (weapon)
 b - a +0 dagger
Armour
 c - a +0 robe (worn)
Scrolls
 e - a scroll of poison
Potions
 d - a potion of haste {unknown}


Message History

You are poisoned.
The adder poisons you!
You take 3 damage.
You hit the adder but do no damage.
The adder is lightly wounded.
You feel sick. The adder closely misses you. The adder bites you.
You take 3 damage.
You hit the adder but do no damage.
The adder is lightly wounded.
You feel sick. The adder bites you.
You are more poisoned.
The adder poisons you!
You take 1 damage.
a - a +1 sling (weapon)
You feel sick. The adder barely misses you.
You take 1 damage.
Fire: a) +1 sling
Press: ? - help, Q - select action Shift-Dir - straight line, f - adder
Aim: an adder (lightly wounded, 40% to hit)
You shoot a sling bullet.
The sling bullet closely misses the adder.
You feel sick. The adder bites you but does no damage.
You take 2 damage.
Fire: a) +1 sling
Press: ? - help, Q - select action Shift-Dir - straight line, f/p - adder
Aim: an adder (lightly wounded, 40% to hit)
You shoot a sling bullet.
The sling bullet closely misses the adder.
You feel sick. The adder closely misses you. x2
Fire: a) +1 sling
Press: ? - help, Q - select action Shift-Dir - straight line, f/p - adder
Aim: an adder (lightly wounded, 40% to hit)
You shoot a sling bullet. The sling bullet misses the adder.
You feel sick. The adder bites you. The adder barely misses you.
Fire: a) +1 sling
Press: ? - help, Q - select action Shift-Dir - straight line, f/p - adder
Aim: an adder (lightly wounded, 40% to hit)
You shoot a sling bullet.
The sling bullet barely misses the adder.
You feel sick. The adder barely misses you.
You take 4 damage.
Fire: a) +1 sling
Press: ? - help, Q - select action Shift-Dir - straight line, f/p - adder
Aim: an adder (lightly wounded, 40% to hit)
You shoot a sling bullet.
The sling bullet barely misses the adder.
You feel sick.
You are no longer poisoned.
The adder completely misses you. The adder bites you.
You die... ▒∙▒ ▒∙▒ ▒∙▒ ∙▒▒▒▒▒▒▒▒∙▒ ∙∙∙∙∙∙∙∙▒∙▒▒▒▒▒▒ ∙∙∙∙∙∙∙∙∙∙∙∙∙∙∙∙

∙∙∙∙∙∙▒∙▒∙▒∙∙∙∙∙
▒▒▒▒▒▒▒∙▒∙▒∙▒∙▒▒▒▒
▒K∙∙∙∙∙∙∙∙▒∙▒∙▒
▒S▒▒▒▒▒∙▒▒▒∙▒∙▒
∙∙∙)∙▒ ▒∙▒ ▒∙▒∙▒
∙∙∙∙∙▒ ▒∙▒ ▒∙▒%▒
∙∙∙∙∙▒ ▒∙▒ ▒∙▒∙▒
∙∙∙∙∙▒ ▒∙▒ ▒∙▒∙▒
▒∙▒ ▒∙▒∙▒ ▒∙▒
▒∙▒∙▒▒▒▒ ▒∙▒
▒∙▒∙∙∙∙∙


You could see an adder.

Vanquished Creatures
  An adder (D:2)
  A ball python (D:2)
  An endoplasm (D:2)
  A giant cockroach (D:2)
  A goblin (D:1)
  2 hobgoblins (D:2)
  2 bats (D:2)
  A kobold (D:1)
  2 rats (D:2)
12 creatures vanquished.

Notes
Turn   | Place    | Note
-------+----------+-------------------------------------------
     0 | D:1      | flappity the Kobold Hexslinger began the quest for the Orb.
     0 | D:1      | Reached XP level 1. HP: 12/12 MP: 2/2
   197 | D:1      | You fall into a shaft and drop 1 floor!
   208 | D:2      | Reached XP level 2. HP: 16/16 MP: 3/3
   475 | D:2      | Reached skill level 3 in Ranged Weapons
   568 | D:2      | Reached XP level 3. HP: 20/20 MP: 5/5
   686 | D:2      | HP: 6/20 [adder (2)]
   688 | D:2      | Slain by an adder

Levels and vault maps discovered:
D:1:      lightli_arrival_isolated_outpost, layout_loops_ring, serial_shops,
          nicolae_shop_just_a_little_nook, ebering_ecumenical_altar_mist,
          nicolae_eternal_life
D:2:      layout_basic

Action                     || total
---------------------------++-------
  Melee: Dagger            ||    29
   Fire: Sling             ||    31
    Use: Potion            ||     1
 Armour: Robe              ||     6
  Dodge: Dodged            ||    43
